[Event "Titled Tuesday Blitz November 07 Early 2023"]
[White "ArtemDyachuk"]
[Black "FuenfgegenWilly"]
[WhiteElo "2602"]
[BlackElo "2395"]
[Result "0-1"]
[Round "3"]
[TimeControl "180+1"]
[Date "2023.11.07"]
[WhiteClock "0:00:04"]
[BlackClock "0:00:10"]
[Board "179"]

1. e4 c5 2. Nf3 e6 3. d4 cxd4 4. Nxd4 Nc6 5. Nc3 Qc7 6. Be2 a6 7. Be3 b5 8. O-O Bb7 9. a3 Rc8 10. f4 Nf6 11. e5 Nxd4 12. Bxd4 Nd5 13. Ne4 Qxc2 14. Bd3 Qxd1 15. Raxd1 Be7 16. f5 exf5 17. Nd6+ Bxd6 18. exd6 O-O 19. Rxf5 Rfe8 20. Rg5 f6 21. Rh5 Nf4 22. Bxh7+ Kf7 23. Rh4 Nxg2 24. Rg4 g5 25. Rf1 Nf4 26. Rfxf4 gxf4 27. Bg6+ Ke6 28. Bxe8 Rxe8 29. Rxf4 f5 30. h4 Be4 31. h5 Kf7 32. Kf2 Re6 33. h6 Rxh6 34. Ke3 Rxd6 35. Rh4 Rg6 36. Be5 Ke6 37. Kd4 d6 38. Bf4 d5 39. Rh8 Rg4 40. Rh6+ Kf7 41. Ke5 d4 42. Rxa6 d3 43. Rd6 Rg2 44. b3 Rb2 45. a4 Rxb3 46. a5 Ra3 47. a6 b4 48. Bc1 Ra5+ 49. Kf4 b3 50. Bb2 Rd5 51. Rb6 d2 52. a7 Rd8 53. Rf6+ Ke8 54. Re6+ Kf7 55. Rf6+ Kg8 56. Rg6+ Kh7 57. Rg7+ Kh6 58. Rg1 d1=Q 59. Rxd1 Rxd1 60. a8=Q Bxa8 61. Bg7+ Kxg7 62. Ke5 b2 63. Kf4 b1=Q 64. Kg5 Qe4 65. Kh5 Qg4# 0-1


[Site "https://www.chess.com"]

[Event "Titled Tuesday Blitz November 07 Early 2023"]
[White "marik_spb"]
[Black "Ozates, Tuna"]
[BlackFideId "6354521"]
[WhiteElo "2393"]
[BlackElo "2602"]
[Result "0-1"]
[Round "3"]
[TimeControl "180+1"]
[Date "2023.11.07"]
[WhiteClock "0:00:09"]
[BlackClock "0:01:04"]
[Board "180"]

1. d4 Nf6 2. c4 e6 3. Nf3 d5 4. g3 Bb4+ 5. Bd2 Be7 6. Bg2 O-O 7. O-O c6 8. Qc2 b6 9. b3 Ba6 10. a4 b5 11. axb5 cxb5 12. c5 Qc8 13. Ne5 Nc6 14. Nxc6 Qxc6 15. Nc3 b4 16. Na2 Bxe2 17. Nxb4 Qc8 18. Rfe1 Bb5 19. Ra5 a6 20. Nxd5 exd5 21. Rxe7 Re8 22. Re5 Ng4 23. Rxe8+ Qxe8 24. Qd1 Nf6 25. Bg5 Ne4 26. Bf4 Nc3 27. Qd2 Ne2+ 28. Kh1 Nxd4 29. Bxd5 Rd8 30. Qxd4 Qe1+ 31. Kg2 Rxd5 32. Qa1 Bf1+ 33. Kf3 Qe2# 0-1


[Site "https://www.chess.com"]

[Event "Titled Tuesday Blitz November 07 Early 2023"]
[White "Cheer_Down"]
[Black "Horak, Martin"]
[BlackFideId "367095"]
[WhiteElo "2381"]
[BlackElo "2518"]
[Result "0-1"]
[Round "3"]
[TimeControl "180+1"]
[Date "2023.11.07"]
[WhiteClock "0:00:23"]
[BlackClock "0:00:19"]
[Board "181"]

1. e4 e5 2. Nf3 Nc6 3. Bc4 Nf6 4. d3 Be7 5. O-O O-O 6. Re1 d6 7. a4 Na5 8. Ba2 c5 9. c3 Nc6 10. Na3 a6 11. Bd2 h6 12. h3 Re8 13. Nc2 Bf8 14. b4 cxb4 15. cxb4 Be6 16. Bxe6 fxe6 17. b5 axb5 18. axb5 Ne7 19. Nb4 Qb6 20. Qb3 Kf7 21. Rxa8 Rxa8 22. d4 exd4 23. e5 dxe5 24. Nxe5+ Kg8 25. Nbc6 bxc6 26. Qxe6+ Kh7 27. Bb4 Re8 28. Qf7 Qxb5 29. Bxe7 Rxe7 30. Qxf8 Rxe5 31. Rxe5 Qxe5 0-1


[Site "https://www.chess.com"]

[Event "Titled Tuesday Blitz November 07 Early 2023"]
[White "Khamdamova, Afruza"]
[Black "Matthes, Aaron"]
[WhiteFideId "14210444"]
[BlackFideId "16227310"]
[WhiteElo "2509"]
[BlackElo "2347"]
[Result "1-0"]
[Round "3"]
[TimeControl "180+1"]
[Date "2023.11.07"]
[WhiteClock "0:00:04"]
[BlackClock "0:00:11"]
[Board "182"]

1. e4 c6 2. d4 d5 3. Nc3 dxe4 4. Nxe4 Bf5 5. Ng3 Bg6 6. Nf3 e6 7. h4 h6 8. Ne5 Ne7 9. Nxg6 Nxg6 10. h5 Ne7 11. c3 Nd7 12. Bd3 Nf6 13. O-O Qc7 14. Qf3 Ned5 15. c4 Nb4 16. Bb1 Bd6 17. a3 Na6 18. Ne4 Nxe4 19. Bxe4 Nb8 20. c5 Be7 21. Bf4 Qd8 22. Be5 Bf6 23. Rad1 Nd7 24. Bd6 Be7 25. Bf4 Bf6 26. b4 Bg5 27. Bg3 a6 28. Rfe1 Nf6 29. d5 cxd5 30. Bxd5 Nxd5 31. Rxd5 Qf6 32. Qd3 O-O 33. Be5 Qe7 34. Rd7 Qe8 35. Rd1 Rd8 36. Rxd8 Qxd8 37. Qf3 Qc8 38. Qc3 Rd8 39. Re1 Bd2 40. Qg3 g5 41. hxg6 f6 42. Bxf6 Bxe1 43. Bxd8 Qxd8 44. Qe3 Qf6 45. Qxe1 Qxg6 46. Qe5 Qb1+ 47. Kh2 Qg6 48. Qb8+ Kf7 49. Qxb7+ Kf6 50. Qxa6 Qh5+ 51. Kg3 Qd1 52. Qd6 Qb3+ 53. f3 Qxa3 54. c6 Qxb4 55. Qxb4 Kf5 56. c7 h5 57. c8=Q h4+ 58. Kh2 Kg5 59. Qg8+ Kf5 60. Qbg4+ Ke5 61. Qb8+ Kd5 62. Qe4+ Kc5 63. Qbb4# 1-0


[Site "https://www.chess.com"]

[Event "Titled Tuesday Blitz November 07 Early 2023"]
[White "a-z30"]
[Black "KorolDimitriy75"]
[WhiteElo "2507"]
[BlackElo "2347"]
[Result "1-0"]
[Round "3"]
[TimeControl "180+1"]
[Date "2023.11.07"]
[WhiteClock "0:01:59"]
[BlackClock "0:00:00"]
[Board "183"]

1. d3 c5 2. Nf3 g6 3. g3 Bg7 4. Bg2 Nc6 5. O-O e5 6. c4 Nge7 7. Nc3 d6 8. Rb1 O-O 9. b3 f5 10. Bb2 h6 11. e3 g5 12. a3 Be6 13. d4 exd4 14. exd4 Nxd4 15. Nxd4 Bxd4 16. Nb5 Bxb2 17. Rxb2 Bf7 18. Nxd6 Bg6 19. Nxb7 Qb6 20. Qd6 Qxd6 21. Nxd6 Rad8 22. Rd1 Kg7 23. Rbd2 Rb8 24. Nb7 f4 25. Nxc5 f3 26. Bf1 Nc6 27. Nd7 Rxb3 28. Nxf8 Kxf8 29. Rd6 Ne5 30. Re6 Bc2 31. Rc1 Nd3 32. Rxc2 Nc5 33. Re1 Rxa3 34. Re3 1-0


[Site "https://www.chess.com"]

[Event "Titled Tuesday Blitz November 07 Early 2023"]
[White "Grossboss19"]
[Black "LeoWin2012"]
[WhiteElo "2498"]
[BlackElo "2285"]
[Result "1-0"]
[Round "3"]
[TimeControl "180+1"]
[Date "2023.11.07"]
[WhiteClock "0:00:34"]
[BlackClock "0:00:10"]
[Board "184"]

1. e4 e6 2. Ne2 d5 3. d3 dxe4 4. dxe4 Qxd1+ 5. Kxd1 Nf6 6. f3 Nc6 7. Be3 e5 8. c3 Be6 9. Kc2 O-O-O 10. Nd2 Be7 11. Nc1 Nd7 12. b4 Nb6 13. a4 a6 14. a5 Nd7 15. Bc4 Bxc4 16. Nxc4 f6 17. Nb3 Nf8 18. h4 Ne6 19. h5 h6 20. g4 Rd7 21. Rhd1 Rhd8 22. Rxd7 Rxd7 23. Nc1 Kd8 24. Ne2 Kc8 25. Ng3 Bf8 26. Nf5 Ne7 27. Nh4 Rd8 28. Bd2 Rd7 29. Ng2 Rd8 30. Nce3 Rd7 31. Re1 Ng5 32. Rf1 Ne6 33. Nh4 Nf4 34. Nef5 Nxf5 35. Nxf5 Ne6 36. Be3 Kb8 37. f4 exf4 38. Bxf4 Kc8 39. Be3 Kb8 40. Re1 Kc8 41. Bc1 Ng5 42. Bxg5 hxg5 43. e5 Kd8 44. e6 Rd5 45. e7+ Bxe7 46. Nxe7 Rd7 47. Nf5 Rf7 48. Kd3 Kd7 49. Re4 c6 50. Kc4 Kc7 51. Re7+ Rxe7 52. Nxe7 Kd6 53. Nf5+ Ke5 54. Nxg7 Kf4 55. h6 Kxg4 56. h7 Kf4 57. h8=Q g4 58. Qh4 Kf3 59. Qxf6+ Kg2 60. Nh5 g3 61. Qg5 b5+ 62. axb6 c5 63. Qxg3+ Kh1 64. Qf2 cxb4 65. Ng3# 1-0


[Site "https://www.chess.com"]

[Event "Titled Tuesday Blitz November 07 Early 2023"]
[White "Dishman, Stephen"]
[Black "Dedona, Mark"]
[WhiteFideId "403024"]
[BlackFideId "30920256"]
[WhiteElo "2347"]
[BlackElo "2490"]
[Result "1-0"]
[Round "3"]
[TimeControl "180+1"]
[Date "2023.11.07"]
[WhiteClock "0:00:19"]
[BlackClock "0:00:12"]
[Board "185"]

1. d4 e6 2. Nf3 Nf6 3. Bf4 c5 4. e3 Nc6 5. Nc3 d5 6. Nb5 Qa5+ 7. c3 Kd7 8. Nc7 Rb8 9. Nb5 Ra8 10. dxc5 Bxc5 11. Be2 a6 12. Nbd4 Bd6 13. O-O Bxf4 14. exf4 Ke7 15. c4 Rd8 16. Qb3 Qc7 17. cxd5 Nxd5 18. Nxc6+ bxc6 19. g3 Rb8 20. Qc2 Bd7 21. Qxh7 Nf6 22. Qc2 Rh8 23. Rfd1 Nd5 24. Ne5 Qb6 25. b3 Rh6 26. Bf3 Rbh8 27. h4 f6 28. Nc4 Qc7 29. Qe4 g5 30. fxg5 fxg5 31. hxg5 Rh3 32. Bg2 R3h7 33. Qe5 Qxe5 34. Nxe5 Rg7 35. f4 Ne3 36. Re1 Nxg2 37. Kxg2 Be8 38. Rh1 Rhg8 39. Rh6 a5 40. Rc1 Kd6 41. Rd1+ Ke7 42. Rc1 Kd6 43. Nc4+ Kc7 44. Rxe6 Bd7 45. Re5 Rh8 46. Rxa5 Rgh7 47. Kf3 Rh2 48. Ra7+ Kd8 49. Rd1 R8h7 50. Ne5 1-0


[Site "https://www.chess.com"]

[Event "Titled Tuesday Blitz November 07 Early 2023"]
[White "Tharushi, T H D Niklesha"]
[Black "dodoucb"]
[WhiteFideId "9918264"]
[WhiteElo "2270"]
[BlackElo "2479"]
[Result "0-1"]
[Round "3"]
[TimeControl "180+1"]
[Date "2023.11.07"]
[WhiteClock "0:00:06"]
[BlackClock "0:01:26"]
[Board "186"]

1. e4 c6 2. d4 d5 3. e5 Bf5 4. Bd3 Bxd3 5. Qxd3 e6 6. c3 c5 7. Nf3 Nc6 8. Bf4 cxd4 9. cxd4 Rc8 10. Nc3 Nge7 11. a3 Nf5 12. b4 Be7 13. O-O O-O 14. Rac1 a5 15. b5 Nb8 16. a4 h6 17. h3 Bb4 18. Na2 Qe7 19. g4 Nh4 20. Nxh4 Qxh4 21. Nxb4 axb4 22. Kg2 Nd7 23. Qb3 h5 24. Bg3 Qg5 25. f4 Qe7 26. gxh5 Nb6 27. Bf2 Rc4 28. Qg3 Nxa4 29. h6 f5 30. Qg6 Qf7 31. h7+ Kh8 32. Qg5 Kxh7 33. Rxc4 dxc4 34. Ra1 Nb6 35. Rb1 Nd5 36. Be1 Qg6 37. Qxg6+ Kxg6 38. Kf3 c3 39. h4 c2 40. Rc1 b3 41. Bd2 b2 42. Rg1+ Kh7 0-1


[Site "https://www.chess.com"]

[Event "Titled Tuesday Blitz November 07 Early 2023"]
[White "Devaev, Alexander"]
[Black "jimmy-schlumpf"]
[WhiteFideId "4169395"]
[WhiteElo "2471"]
[BlackElo "2217"]
[Result "1-0"]
[Round "3"]
[TimeControl "180+1"]
[Date "2023.11.07"]
[WhiteClock "0:00:18"]
[BlackClock "0:00:00"]
[Board "187"]

1. Nf3 Nf6 2. c4 g6 3. Nc3 Bg7 4. e4 e5 5. d4 exd4 6. Nxd4 O-O 7. f3 Re8 8. Be2 c6 9. O-O d5 10. exd5 cxd5 11. Bg5 dxc4 12. Bxc4 Nbd7 13. Ndb5 Qb6+ 14. Kh1 Ne5 15. Bb3 Be6 16. Qd6 Bxb3 17. axb3 Rad8 18. Qxb6 axb6 19. Be3 Nd3 20. Bxb6 Nxb2 21. Bxd8 Rxd8 22. g3 Nd5 23. Nxd5 Rxd5 24. Ra8+ Bf8 25. Nc3 Rd3 26. Rc1 Kg7 27. Rc2 Nd1 28. Nxd1 Rxd1+ 29. Kg2 Rb1 30. Rc3 b6 31. Ra2 Bc5 32. f4 h6 33. Re2 h5 34. Kf3 f6 35. Ke4 Rd1 36. Rd3 Rb1 37. Kd5 h4 38. Kc6 h3 39. g4 Rg1 40. Rxh3 Rxg4 41. Rf3 1-0


[Site "https://www.chess.com"]

[Event "Titled Tuesday Blitz November 07 Early 2023"]
[White "Skibbe, Willi"]
[Black "Grochal, Joey"]
[WhiteFideId "4682190"]
[BlackFideId "1019945"]
[WhiteElo "2170"]
[BlackElo "2466"]
[Result "0-1"]
[Round "3"]
[TimeControl "180+1"]
[Date "2023.11.07"]
[WhiteClock "0:00:00"]
[BlackClock "0:00:38"]
[Board "188"]

1. e4 e5 2. d4 exd4 3. Nf3 Nc6 4. Bc4 Nf6 5. e5 d5 6. Bb5 Ne4 7. Nxd4 Bd7 8. Bxc6 bxc6 9. f3 Ng5 10. O-O c5 11. Nb3 c6 12. f4 Ne4 13. f5 c4 14. Nd4 Bc5 15. Nc3 Nxc3 16. bxc3 O-O 17. f6 Re8 18. Qh5 g6 19. Qh6 Bf8 20. Qg5 Qa5 21. Qg3 c5 22. Ne2 d4 23. Bf4 Bf5 24. cxd4 Bxc2 25. d5 Bd3 26. Rae1 Qxa2 27. e6 Bxe2 28. Rf2 Qb3 29. Rfxe2 Qxg3 30. hxg3 g5 31. Bxg5 Bd6 32. e7 Rab8 33. Bf4 Rb6 0-1


[Site "https://www.chess.com"]

[Event "Titled Tuesday Blitz November 07 Early 2023"]
[White "Sviridova, Vlada"]
[Black "Manukyan, Sargis V."]
[WhiteFideId "24109606"]
[BlackFideId "13303465"]
[WhiteElo "2260"]
[BlackElo "2457"]
[Result "0-1"]
[Round "3"]
[TimeControl "180+1"]
[Date "2023.11.07"]
[WhiteClock "0:00:00"]
[BlackClock "0:01:35"]
[Board "189"]

1. d4 Nf6 2. c4 c5 3. d5 e6 4. Nc3 exd5 5. cxd5 Bd6 6. Bg5 O-O 7. e3 Re8 8. Bd3 a6 9. a4 Bc7 10. Nge2 d6 11. O-O Nbd7 12. Qc2 h6 13. Bh4 Rb8 14. Bg3 Ne5 15. Bf5 b5 16. axb5 axb5 17. Bxc8 Qxc8 18. Rfd1 Qb7 19. Nf4 Ra8 20. Nd3 Ned7 21. e4 b4 22. Rxa8 Rxa8 23. Ne2 Nxe4 24. Ndf4 Nef6 25. Nc1 Re8 26. Nb3 Nb6 27. Na5 Qa6 28. Nc6 Nbxd5 29. Nxd5 Nxd5 30. Qd2 Qxc6 31. h4 Nf6 0-1


[Site "https://www.chess.com"]

[Event "Titled Tuesday Blitz November 07 Early 2023"]
[White "ssgm49"]
[Black "Perez Rodriguez, Jennifer"]
[BlackFideId "3507831"]
[WhiteElo "2044"]
[BlackElo "2446"]
[Result "1-0"]
[Round "3"]
[TimeControl "180+1"]
[Date "2023.11.07"]
[WhiteClock "0:00:19"]
[BlackClock "0:00:00"]
[Board "190"]

1. e4 e5 2. Nf3 Nc6 3. Nc3 Nf6 4. d4 exd4 5. Nxd4 Nxe4 6. Nxe4 Qe7 7. f3 d5 8. Bb5 Bd7 9. Bxc6 bxc6 10. O-O dxe4 11. Re1 O-O-O 12. Rxe4 Qc5 13. Be3 Bf5 14. Rf4 Bg6 15. Qe2 Qd5 16. Qa6+ Kd7 17. c4 Qd6 18. Nf5 Bxf5 19. Rd4 Be6 20. Rad1 Rb8 21. Rxd6+ cxd6 22. Qxa7+ Kc8 23. Bb6 Rxb6 24. Qxb6 Bd7 25. Rd3 d5 26. Rb3 Be8 27. Qb8+ Kd7 28. Rb7+ Ke6 29. Qxe8+ Kf6 30. Rxf7+ 1-0


[Site "https://www.chess.com"]

[Event "Titled Tuesday Blitz November 07 Early 2023"]
[White "Dragun, Kamil"]
[Black "Sailer, Mike"]
[WhiteFideId "1134167"]
[BlackFideId "2012901"]
[WhiteElo "2794"]
[BlackElo "2071"]
[Result "1-0"]
[Round "3"]
[TimeControl "180+1"]
[Date "2023.11.07"]
[WhiteClock "0:01:41"]
[BlackClock "0:00:12"]
[Board "191"]

1. d4 g6 2. c4 Bg7 3. Nf3 c5 4. d5 d6 5. Nc3 Nf6 6. e4 b5 7. cxb5 a6 8. a4 O-O 9. Be2 axb5 10. Bxb5 Ba6 11. Nd2 Bxb5 12. Nxb5 Na6 13. O-O Nb4 14. Ra3 Qa5 15. Nc4 Qd8 16. Re1 Nd7 17. Bd2 Ne5 18. Nxe5 Bxe5 19. Bc3 Na6 20. Bxe5 dxe5 21. Rh3 f6 22. Qc2 Qb6 23. Qc4 Nb4 24. d6+ Kg7 25. dxe7 Rfe8 26. Rxh7+ Kxh7 27. Qf7+ Kh6 28. Re3 Qxb5 29. Rh3+ Kg5 30. Rg3+ Kf4 31. Qxf6+ Kxe4 32. Qf3+ Kd4 33. Rg4+ e4 34. Qxe4# 1-0


[Site "https://www.chess.com"]

[Event "Titled Tuesday Blitz November 07 Early 2023"]
[White "Mendez Fortes, Eduardo Jesus"]
[Black "Samaganova, Aleksandra"]
[WhiteFideId "3502376"]
[BlackFideId "13800221"]
[WhiteElo "2660"]
[BlackElo "2325"]
[Result "0-1"]
[Round "3"]
[TimeControl "180+1"]
[Date "2023.11.07"]
[WhiteClock "0:01:05"]
[BlackClock "0:00:03"]
[Board "192"]

1. e4 c5 2. Nf3 e6 3. d4 cxd4 4. Nxd4 a6 5. c4 Qc7 6. Nc3 Nf6 7. Be2 b6 8. O-O Bb7 9. f3 d6 10. Be3 Nbd7 11. Qd2 Be7 12. Rfc1 O-O 13. a4 Rfc8 14. a5 e5 15. Nf5 Bf8 16. axb6 Nxb6 17. b3 g6 18. Ng3 h5 19. Bg5 Nh7 20. Be3 Nf6 21. b4 Qd8 22. Qa2 h4 23. Nf1 Nh5 24. Rd1 Qc7 25. Rac1 Nf4 26. Bxf4 exf4 27. Nd5 Bxd5 28. exd5 h3 29. gxh3 Qd7 30. Qd2 Qxh3 31. Qxf4 Bh6 32. Qd4 Re8 33. Ng3 Be3+ 34. Qxe3 Rxe3 35. c5 Nc8 36. c6 Ne7 37. Bf1 Qh4 38. c7 Rc8 39. Bxa6 Nf5 40. Kg2 Nxg3 41. hxg3 Qg5 42. Bxc8 Re2+ 43. Kf1 Qe3 44. Rd2 Qf2# 0-1


[Site "https://www.chess.com"]

[Event "Titled Tuesday Blitz November 07 Early 2023"]
[White "Zampronha, Wladimir Camilo"]
[Black "Pesotskiy, Mikhail"]
[WhiteFideId "2103087"]
[BlackFideId "34164453"]
[WhiteElo "2325"]
[BlackElo "2600"]
[Result "0-1"]
[Round "3"]
[TimeControl "180+1"]
[Date "2023.11.07"]
[WhiteClock "0:01:37"]
[BlackClock "0:02:20"]
[Board "193"]

1. e4 e6 2. d4 d5 3. Nc3 Bb4 4. e5 c5 5. a3 Bxc3+ 6. bxc3 Qa5 7. Bd2 Qa4 8. Nf3 b6 9. dxc5 bxc5 10. c4 Ne7 11. cxd5 exd5 12. c4 Qxd1+ 13. Rxd1 d4 14. Bd3 Bf5 15. Bxf5 Nxf5 16. O-O Nc6 17. Ng5 O-O 18. g4 Nh6 19. h3 Nxe5 20. f4 Nxc4 21. Ne4 Rac8 22. Rc1 Nxd2 23. Nxd2 Rfe8 24. Rfe1 Rxe1+ 25. Rxe1 c4 26. Nxc4 f5 27. Nd6 Rd8 28. Nxf5 Nxf5 29. gxf5 d3 30. Kf2 Kf7 31. Ke3 Re8+ 32. Kd2 Rxe1 33. Kxe1 Kf6 34. Kd2 Kxf5 35. Kxd3 Kxf4 36. Kc4 g5 37. Kc5 h5 38. a4 g4 0-1


[Site "https://www.chess.com"]

[Event "Titled Tuesday Blitz November 07 Early 2023"]
[White "Minina, Veronika"]
[Black "Derjabin, Ilja"]
[WhiteFideId "4174780"]
[BlackFideId "14104768"]
[WhiteElo "2317"]
[BlackElo "2559"]
[Result "0-1"]
[Round "3"]
[TimeControl "180+1"]
[Date "2023.11.07"]
[WhiteClock "0:00:00"]
[BlackClock "0:00:08"]
[Board "195"]

1. Nf3 c5 2. g3 d5 3. c4 Nc6 4. cxd5 Qxd5 5. Bg2 Nf6 6. O-O Qh5 7. Nc3 Bh3 8. d4 Rd8 9. Qa4 cxd4 10. Nb5 Bxg2 11. Kxg2 e5 12. Nc7+ Kd7 13. Nb5 Bc5 14. b4 Bb6 15. Bb2 a6 16. Na3 Nd5 17. Nc4 Bc7 18. b5 axb5 19. Qxb5 Kc8 20. a4 e4 21. Nh4 Nf4+ 22. Kh1 Qxe2 23. a5 Rd5 24. Nb6+ Bxb6 25. Qxe2 Nxe2 26. axb6 Kd7 27. f3 e3 28. Ng2 Re8 29. Rfe1 d3 30. Bxg7 Nb4 31. Ra7 Kc6 32. Raa1 d2 33. Red1 Nc2 34. Rab1 Ned4 35. Bh6 e2 36. Rxd2 e1=Q+ 37. Nxe1 Rxe1+ 38. Rxe1 Nxe1 39. Rb2 Ndxf3 40. h4 Rd1 41. Bf4 Nd3+ 42. Kg2 Nfe1+ 0-1


[Site "https://www.chess.com"]

[Event "Titled Tuesday Blitz November 07 Early 2023"]
[White "Womacka, Mathias"]
[Black "Fernandez Siles, Luis"]
[WhiteFideId "4611390"]
[BlackFideId "2209420"]
[WhiteElo "2553"]
[BlackElo "2314"]
[Result "0-1"]
[Round "3"]
[TimeControl "180+1"]
[Date "2023.11.07"]
[WhiteClock "0:00:32"]
[BlackClock "0:00:05"]
[Board "196"]

1. e4 c5 2. Nf3 Nc6 3. d4 cxd4 4. Nxd4 Nf6 5. Nc3 e5 6. Ndb5 d6 7. Bg5 a6 8. Na3 b5 9. Nd5 Be7 10. Nxe7 Nxe7 11. Bd3 Bb7 12. Qe2 d5 13. exd5 Qxd5 14. O-O-O Qe6 15. Rhe1 Nc6 16. f4 h6 17. fxe5 Ng4 18. Bf4 Nd4 19. Qf1 g5 20. Bg3 Rc8 21. Kb1 Bd5 22. b3 b4 23. Nc4 Nb5 24. Nd6+ Kf8 25. Nxb5 axb5 26. Bf5 Qa6 27. Bd7 Ra8 28. Rxd5 Qxa2+ 29. Kc1 Qa1+ 30. Kd2 Qc3+ 31. Ke2 Qe3+ 32. Kd1 Ra1# 0-1


[Site "https://www.chess.com"]

[Event "Titled Tuesday Blitz November 07 Early 2023"]
[White "patzersame"]
[Black "Avazkhonov, Alikhon"]
[BlackFideId "14208504"]
[WhiteElo "2314"]
[BlackElo "2540"]
[Result "0-1"]
[Round "3"]
[TimeControl "180+1"]
[Date "2023.11.07"]
[WhiteClock "0:00:13"]
[BlackClock "0:00:31"]
[Board "197"]

1. e4 c5 2. Nf3 d6 3. d4 cxd4 4. Nxd4 Nf6 5. Nc3 a6 6. f3 e5 7. Nb3 Be6 8. Be3 h5 9. Bd3 Nbd7 10. O-O b5 11. f4 Ng4 12. Qe2 Nxe3 13. Qxe3 Bxb3 14. axb3 d5 15. Qf3 d4 16. fxe5 Nxe5 17. Qf5 Bd6 18. Nd5 g6 19. Qf6 Qxf6 20. Rxf6 Kd7 21. Nb6+ Ke7 22. Nd5+ Kd7 23. Nb6+ Ke7 24. Rxd6 Kxd6 25. Nxa8 Rxa8 26. Bxb5 Rc8 27. Rxa6+ Ke7 28. Bd3 Nxd3 29. cxd3 Rc1+ 30. Kf2 Rc2+ 31. Ke1 Rxb2 32. Ra4 Rxg2 33. Rxd4 Rxh2 34. b4 Rb2 35. Kd1 h4 36. Kc1 h3 37. e5 Rg2 0-1


[Site "https://www.chess.com"]

[Event "Titled Tuesday Blitz November 07 Early 2023"]
[White "Ardila, Oscar Humberto"]
[Black "Hirneise, Jens"]
[WhiteFideId "4404742"]
[BlackFideId "24614734"]
[WhiteElo "2312"]
[BlackElo "2532"]
[Result "0-1"]
[Round "3"]
[TimeControl "180+1"]
[Date "2023.11.07"]
[WhiteClock "0:00:08"]
[BlackClock "0:00:35"]
[Board "198"]

1. d4 g6 2. c4 Bg7 3. Nf3 f5 4. g3 Nf6 5. Bg2 O-O 6. O-O d6 7. d5 c6 8. Nc3 Na6 9. Nd4 cxd5 10. cxd5 Bd7 11. Ne6 Bxe6 12. dxe6 Nc5 13. Be3 Nxe6 14. Bxb7 Rb8 15. Bd5 Nxd5 16. Qxd5 Qd7 17. Rab1 Rb7 18. Rfc1 Kh8 19. b3 f4 20. Bd2 fxg3 21. hxg3 Nd4 22. Be3 e6 23. Qe4 d5 24. Qd3 Nf5 25. Bf4 Rb4 26. Na4 Rd4 27. Qa6 e5 28. Bg5 Rg4 29. Nc5 Qf7 30. Ne6 Nxg3 31. Nxf8 Ne4+ 32. Kh1 Nxf2+ 33. Kh2 Rxg5 34. Qc8 Qf4# 0-1


[Site "https://www.chess.com"]

[Event "Titled Tuesday Blitz November 07 Early 2023"]
[White "Krzywda, Andrzej"]
[Black "Barbot, Pierre"]
[WhiteFideId "1114565"]
[BlackFideId "663727"]
[WhiteElo "2499"]
[BlackElo "2310"]
[Result "1-0"]
[Round "3"]
[TimeControl "180+1"]
[Date "2023.11.07"]
[WhiteClock "0:00:41"]
[BlackClock "0:00:00"]
[Board "199"]

1. e4 c6 2. d4 d5 3. e5 Bf5 4. h4 h5 5. Bd3 Bxd3 6. Qxd3 Qa5+ 7. Nd2 e6 8. Nf3 Nh6 9. O-O Nf5 10. Nb3 Qa6 11. Qd1 Be7 12. Bg5 Nd7 13. g3 f6 14. Bf4 Kf7 15. Re1 Rag8 16. Kh2 g5 17. exf6 gxf4 18. fxe7 fxg3+ 19. fxg3 Rxg3 20. Ng5+ Rxg5 21. hxg5 Kxe7 22. Qe2 Qxe2+ 23. Rxe2 Rg8 24. Rae1 Nf8 25. Rg2 Rg6 26. c3 Kd6 27. Nc5 b6 28. Nd3 Nh7 29. Nf4 Rxg5 30. Rxe6+ Kd7 31. Rxg5 Nxg5 32. Re5 Nf3+ 33. Kh3 Nxe5 34. dxe5 Ne3 35. Kh4 Nd1 36. Kg5 Nxb2 37. Kf6 Nc4 38. e6+ Ke8 39. Nxh5 Nd6 40. Ng7+ Kd8 41. e7+ Kd7 42. Nh5 b5 43. Nf4 a5 44. Nd3 Ne8+ 45. Kf7 Nd6+ 46. Kf8 Ke6 47. Nc5+ Ke5 48. Nb7 1-0


[Site "https://www.chess.com"]

[Event "Titled Tuesday Blitz November 07 Early 2023"]
[White "Davidson, Kevin"]
[Black "Baches Garcia, Guillermo"]
[WhiteFideId "2056810"]
[BlackFideId "2209764"]
[WhiteElo "2307"]
[BlackElo "2494"]
[Result "0-1"]
[Round "3"]
[TimeControl "180+1"]
[Date "2023.11.07"]
[WhiteClock "0:00:00"]
[BlackClock "0:00:48"]
[Board "200"]

1. e4 d5 2. exd5 Qxd5 3. Nc3 Qa5 4. Bc4 Nf6 5. d3 a6 6. Bd2 Qe5+ 7. Nge2 b5 8. Bb3 Bb7 9. O-O e6 10. Bf4 Qc5 11. Ng3 Bd6 12. Bxd6 cxd6 13. Nce4 Qc6 14. Nxf6+ gxf6 15. f3 h5 16. h3 Nd7 17. Qe1 h4 18. Ne4 Ke7 19. a4 Rag8 20. axb5 axb5 21. Qc3 f5 22. Qxc6 Bxc6 23. Nc3 Rg3 24. Kf2 Rhg8 25. Rg1 Ne5 26. Ra7+ Kf6 27. Raa1 Rc8 28. Ne2 Rgg8 29. Nd4 Bd7 30. Ra7 Ke7 31. f4 Nc6 32. Nxc6+ Rxc6 33. Rga1 Rgc8 34. Rb7 R8c7 35. Raa7 Rxb7 36. Rxb7 Rc8 37. c3 Kd8 38. Ra7 Rc7 39. Rxc7 Kxc7 40. d4 f6 41. g3 hxg3+ 42. Kxg3 e5 43. h4 Kd8 44. h5 Be8 45. h6 Bg6 46. Bg8 Kd7 47. h7 Bxh7 48. Bxh7 Ke6 49. Kf3 b4 50. Ke3 bxc3 51. bxc3 d5 52. Bg8+ Kd6 53. Kd3 exf4 54. Bh7 Ke6 55. Ke2 Kd6 56. Bxf5 Kc6 57. Bd3 Kb6 58. Kf3 Ka5 59. Kxf4 Ka4 60. Kf5 Kb3 0-1


[Site "https://www.chess.com"]

[Event "Titled Tuesday Blitz November 07 Early 2023"]
[White "Petrova, Irina"]
[Black "Buchenau, Frank"]
[WhiteFideId "14124122"]
[BlackFideId "4604350"]
[WhiteElo "2304"]
[BlackElo "2492"]
[Result "1-0"]
[Round "3"]
[TimeControl "180+1"]
[Date "2023.11.07"]
[WhiteClock "0:02:00"]
[BlackClock "0:00:39"]
[Board "201"]

1. e4 e6 2. d4 d5 3. Nc3 Nf6 4. Bg5 dxe4 5. Nxe4 Be7 6. Bxf6 gxf6 7. Nf3 f5 8. Nc3 a6 9. Qe2 Qd6 10. g3 b5 11. O-O-O Nd7 12. Bg2 Bb7 13. Rhe1 b4 14. Na4 Bc6 15. Nc5 Nxc5 16. dxc5 Qxc5 17. Nh4 Bxg2 18. Nxg2 O-O 19. Nf4 Bg5 20. Qh5 Bxf4+ 21. gxf4 Qe7 22. Rd3 Qf6 23. Rg1+ Kh8 24. Rh3 1-0


[Site "https://www.chess.com"]

[Event "Titled Tuesday Blitz November 07 Early 2023"]
[White "Rasmussen, Casper"]
[Black "Hajiyev, Kanan"]
[WhiteFideId "1402005"]
[BlackFideId "13404148"]
[WhiteElo "2297"]
[BlackElo "2490"]
[Result "0-1"]
[Round "3"]
[TimeControl "180+1"]
[Date "2023.11.07"]
[WhiteClock "0:00:00"]
[BlackClock "0:00:05"]
[Board "202"]

1. c4 c6 2. g3 d5 3. Bg2 Nf6 4. Nf3 g6 5. O-O Bg7 6. b3 O-O 7. Bb2 a5 8. d4 Bg4 9. Ne5 Bf5 10. Nd2 Nbd7 11. Nd3 Ne4 12. f3 Nxd2 13. Qxd2 Bxd3 14. Qxd3 e5 15. cxd5 cxd5 16. dxe5 Bxe5 17. Bxe5 Nxe5 18. Qd2 Qb6+ 19. Kh1 Rad8 20. Rfd1 d4 21. h3 Rfe8 22. Kh2 h5 23. Rac1 h4 24. gxh4 Qd6 25. Kh1 a4 26. Qg5 axb3 27. axb3 Nc6 28. Rc5 Rxe2 29. h5 Rde8 30. Rg1 R8e5 31. Rxe5 Rxe5 32. Qf4 g5 33. Qg3 Rd5 34. Qg4 Qf4 35. Qc8+ Nd8 36. Re1 Kg7 37. Re8 Qd6 38. Qg4 d3 39. Qe4 d2 40. h6+ Kf6 0-1


[Site "https://www.chess.com"]